 Dungeon Crawl Stone Soup version 0.20-a0-472-g5c05303 (webtiles) character file.

4818 Duffy the Blocker (level 10, -1/81 HPs)
             Began as a Ghoul Fighter on Jan 14, 2017.
             Was a Priest of Makhleb.
             Slain by a flying skull (4 damage)
             ... on level 1 of the Abyss.
             The game lasted 00:10:28 (8320 turns).

Duffy the Blocker (Ghoul Fighter)                   Turns: 8320, Time: 00:10:29

Health: -1/81      AC: 16    Str: 24    XL:     10   Next: 48%
Magic:  18/18      EV:  5    Int:  3    God:    Makhleb [***...]
Gold:   587        SH: 11    Dex:  8    Spells: 9/9 levels left

rFire  . . .     SeeInvis .     a - +0 war axe
rCold  + . .     Gourm    .     j - +0 plate armour
rNeg   + + +     Faith    .     c - +0 shield
rPois  ∞         Spirit   .     (no helmet)
rElec  .         Reflect  .     (no cloak)
rCorr  .         Harm     .     (no gloves)
MR     .....                    v - +1 pair of boots
Stlth  ..........               y - amulet of regeneration
                                D - ring of wizardry
                                G - ring of magical power

@: rotting
A: rotting body, claws 1, carnivore 3, cold resistance 1, negative energy
resistance 3, slow regeneration 1, torment resistance, unbreathing
a: Minor Destruction, Lesser Servant of Makhleb, Renounce Religion


You were on level 1 of the Abyss.
You worshipped Makhleb.
Makhleb was most pleased with you.
You were not hungry.

You visited 2 branches of the dungeon, and saw 10 of its levels.
You visited the Abyss 1 time.
You also visited: Ossuary.

You collected 587 gold pieces.

Inventory:

Hand Weapons
 a - a +0 war axe (weapon)
 b - a +1 whip of electrocution
 E - a +0 flail of draining
Missiles
 x - 5 curare-tipped needles
Armour
 c - a +0 shield (worn)
 j - a +0 plate armour (worn)
 v - a +1 pair of boots (worn)
Jewellery
 i - an uncursed ring of stealth
 t - an uncursed amulet of guardian spirit
 y - an amulet of regeneration (around neck)
 D - a ring of wizardry (right claw)
 G - a ring of magical power (left claw)
Wands
 e - a wand of lightning (4/15)
 q - a wand of flame (25/48)
 A - a wand of polymorph (13/24)
 F - a wand of polymorph (9/24)
 I - a wand of disintegration (14/24)
Scrolls
 g - a scroll of immolation
 h - 2 scrolls of fog
 m - 3 scrolls of enchant armour
 o - a scroll of teleportation
 r - a scroll of recharging {unknown}
 u - a scroll of fear {unknown}
 w - 2 scrolls of remove curse
Potions
 d - a potion of might
 z - 4 potions of curing
 B - a potion of magic
 C - 2 potions of cancellation
 H - 4 potions of brilliance
Comestibles
 f - 4 meat rations
 k - 3 chunks of flesh
 n - 2 beef jerkies
 J - 7 royal jellies


   Skills:
 + Level 5.4 Fighting
 + Level 7.9 Axes
 + Level 8.1 Armour
 + Level 8.3 Shields


You had 9 spell levels left.
You didn't know any spells.

Dungeon Overview and Level Annotations

Branches:
Dungeon (9/15)             Temple (1/1) D:5
   Lair: D:8-11         Orc: D:9-12

Altars:
Ashenzari
Cheibriados
Dithmenos
Elyvilon
Fedhas
Gozag
Hepliaklqana
Kikubaaqudgha
Makhleb
Nemelex Xobeh
Okawaru
Qazlal
Ru
Sif Muna
Trog
Uskayaw
Vehumet
Xom
Yredelemnul
Zin
The Shining One

Annotations:
D:9 Erolcha


Innate Abilities, Weirdness & Mutations

Your body is rotting away.
You thrive on raw meat.
You are immune to poison.
You have sharp fingernails.
You are carnivorous and can eat meat at any time.
Your flesh is cold resistant. (rC+)
You are immune to negative energy. (rN+++)
You regenerate slowly when monsters are visible.
You are immune to unholy pain and torment.
You can survive without breathing.


Message History

The flying skull hits you but does no damage.
You block the flying skull's attack.
The flying skull hits you but does no damage.
You closely miss the flying skull. You miss the flying skull. x2
You hit the flying skull but do no damage.
You miss the flying skull.
The flying skull hits you but does no damage.
You block the flying skull's attack. x2
The flying skull hits you but does no damage. x2
The flying skull hits you. x2
The flying skull hits you but does no damage.
You block the flying skull's attack. x2
You closely miss the flying skull.
Your plate armour prevents you from hitting the flying skull. x2
You closely miss the flying skull. x2
The flying skull hits you but does no damage.
You block the flying skull's attack.
The flying skull hits you but does no damage.
The flying skull hits you! The flying skull hits you.
You die...

. .# #. #.# ... .##..
#.# .. .. .#
.#######.## .
#......#........## ..
.. ..#
...#.......#... # .
..##..#.....?.... .
#.###.#...#..zz..#
...# .........@zz# .
#...........zz## #
##...7.)##..?#
........... .....#
###... .............
...$...... #.....#..
##.........##...###..
#... . ...###.## #.
#. . ..# ..


You could see 6 flying skulls.

Vanquished Creatures
  A queen bee (D:7)
  A troll (D:8)
  Sigmund (D:6)
  A hungry ghost (D:8)
  Edmund (D:6)
  2 water moccasins (D:6)
  Duvessa (D:6)
  2 sky beasts
  A black bear (D:7)
  An ice beast (D:8)
  A phantom (D:7)
  4 ogres
  A centaur (D:6)
  Blork the orc (D:5)
  2 bullfrogs
  Dowan (D:6)
  A wyvern skeleton (D:9)
  3 scorpions
  14 killer bees
  5 wights (D:8)
  5 howler monkeys
  2 centaur zombies
  A bullfrog zombie (D:4)
  4 crimson imps
  3 jellies
  3 orc wizards
  An orc priest (D:7)
  A gnoll shaman (D:5)
  6 hounds
  A centaur skeleton (D:6)
  2 iguanas
  9 worker ants
  A big kobold zombie (Ossuary)
  9 mummies
  8 gnolls
  8 adders
  5 shadow imps
  An ufetubus (Abyss:1)
  An adder zombie (D:7)
  An adder skeleton (D:5)
  8 worms
  A dart slug (D:1)
  A leopard gecko (D:2)
  7 orcs
  8 giant cockroaches
  2 gnoll zombies (Ossuary)
  5 goblins
  8 hobgoblins
  12 jackals
  A quokka (D:6)
  9 bats
  6 frilled lizards
  2 hobgoblin zombies (Ossuary)
  A jackal zombie (D:5)
  11 kobolds
  2 kobold zombies (Ossuary)
  An orc zombie (Ossuary)
  6 rats
208 creatures vanquished.

Notes
Turn   | Place    | Note
-------+----------+-------------------------------------------
     0 | D:1      | Duffy the Ghoul Fighter began the quest for the Orb.
     0 | D:1      | Reached XP level 1. HP: 19/19 MP: 0/0
   344 | D:1      | Reached XP level 2. HP: 26/26 MP: 1/1
  1028 | D:2      | Reached XP level 3. HP: 30/30 MP: 2/2
  1876 | D:2      | Reached XP level 4. HP: 38/38 MP: 3/3
  1942 | D:2      | You fall through a shaft for 2 floors!
  2209 | D:3      | Found a burning altar of Makhleb.
  2600 | D:3      | Reached XP level 5. HP: 40/45 MP: 4/4
  3221 | D:4      | Reached XP level 6. HP: 33/51 MP: 5/5
  3813 | D:4      | Reached XP level 7. HP: 48/57 MP: 6/6
  3861 | D:5      | Entered Level 5 of the Dungeon
  3866 | D:5      | Found a staircase to the Ecumenical Temple.
  3866 | D:5      | Noticed Blork the orc
  4133 | D:5      | Killed Blork the orc
  4143 | Temple   | Entered the Ecumenical Temple
  4176 | Temple   | Became a worshipper of Makhleb the Destroyer
  4269 | D:5      | Reached skill level 5 in Armour
  4345 | D:5      | Reached skill level 5 in Shields
  4419 | D:5      | Reached skill level 5 in Axes
  4451 | D:5      | Found a runed door.
  4476 | D:5      | Found a runed door.
  4486 | D:5      | Reached XP level 8. HP: 60/63 MP: 7/7
  4850 | D:5      | Found a glowing golden altar of the Shining One.
  5125 | D:6      | Noticed Sigmund
  5147 | D:6      | Killed Sigmund
  5197 | D:6      | Found a bloodstained altar of Trog.
  5217 | D:6      | Reached * piety under Makhleb
  5343 | D:6      | Noticed Duvessa
  5344 | D:6      | Noticed Dowan
  5359 | D:6      | Killed Duvessa
  5359 | D:6      | Reached XP level 9. HP: 70/70 MP: 8/8
  5378 | D:6      | Killed Dowan
  5439 | D:6      | Noticed Edmund
  5452 | D:6      | Killed Edmund
  6000 | D:7      | Found a sand-covered staircase.
  6006 | Ossuary  | Entered an ossuary
  6457 | D:7      | Reached ** piety under Makhleb
  6949 | D:8      | Found a deep blue altar of Sif Muna.
  7132 | D:8      | Reached XP level 10. HP: 75/79 MP: 9/9
  7845 | D:8      | Reached *** piety under Makhleb
  7845 | D:8      | Reached skill level 5 in Fighting
  8205 | D:9      | Noticed Erolcha
  8238 | D:9      | Cast into level 1 of the Abyss (Erolcha)
  8320 | Abyss:1  | HP: 3/81 [flying skull (8)]
  8320 | Abyss:1  | Slain by a flying skull

Vault maps used:
D:1:      dpeg_arrival_renting
D:2:      first_bread
D:3:      hex_tiny, lemuel_statue_altar
D:4:      cheibrodos_gnoll_hut
D:5:      lemuel_insect_pit, old_standard_altar, uniq_blork_the_orc
D:6:      kennysheep_little_box, serial_park_tiny_1, uniq_duvessa, uniq_edmund,
          uniq_sigmund
D:7:      gup_ossuary_entry_pyramid
D:8:      old_standard_altar, david_nohive_1, minmay_misc_feat_columns
D:9:      dpeg_oklobed_lair, uniq_erolcha
Temple:   nicolae_temple_no_exploring_needed
Ossuary:  ossuary_tomb_3

Skill      XL: |  1  2  3  4  5  6  7  8  9 10 |
---------------+-------------------------------+-----
Axes           | 2 3 4 5 6 7 |  7.9
Shields        | 3 4 5 6 7 8 |  8.3
Armour         | 3 4 5 6 7 8 |  8.1
Fighting       | 4 5 |  5.4

Action                   |  1- 3 |  4- 6 |  7- 9 | 10-12 || total
-------------------------+-------+-------+-------+-------++-------
Melee: Whip              |   106 |   235 |   506 |   244 ||  1091
       War axe           |     5 |       |    62 |    16 ||    83
Evoke: Wand              |       |       |       |     3 ||     3
  Use: Scroll            |       |       |    14 |     4 ||    18
       Potion            |       |       |       |     5 ||     5
  Eat: Chunk             |     9 |    15 |    27 |     6 ||    57
Armor: Scale mail        |    26 |     1 |       |       ||    27
       Chain mail        |       |    96 |       |       ||    96
       Plate armour      |       |    37 |   308 |   172 ||   517
Dodge: Dodged            |    34 |    54 |    96 |    70 ||   254
Block: Shield            |    43 |   117 |   265 |   180 ||   605
